 Dungeon Crawl Stone Soup version 0.22.1-1-ga44c0e56f4 (webtiles) character file.

92 Blejac999 the Ruffian (level 4, -3/39 (40) HPs)
             Began as a Ghoul Monk on Sept 26, 2018.
             Slain by a gnoll shaman
             ... wielding a +0 club
              (8 damage)
             ... on level 2 of the Dungeon.
             The game lasted 00:05:50 (2544 turns).

Blejac999 the Ruffian (Ghoul Monk)                  Turns: 2544, Time: 00:05:51

HP:   -3/39 (40)    AC:  3    Str: 15    XL:     4   Next: 60%
MP:   3/3           EV: 12    Int:  5    God:
Gold: 88            SH:  0    Dex: 11    Spells: 3/3 levels left

rFire    . . .     SeeInvis .     - Unarmed
rCold    + . .     Gourm    .   (no shield)
rNeg     + + +     Faith    .   e - +0 leather armour
rPois    ∞         Spirit   .   (no helmet)
rElec    .         Reflect  .   (no cloak)
rCorr    .         Harm     .   (no gloves)
MR       .....                  (no boots)
Stlth    ++........             (no amulet)
HPRegen  0.00/turn              (no ring)
MPRegen  0.08/turn              (no ring)

@: rotting
A: rotting body, claws 1, carnivore, cold resistance 1, negative energy
resistance 3, inhibited regeneration, torment resistance, unbreathing
a: no special abilities


You were on level 2 of the Dungeon.
You were not hungry.

You visited 1 branch of the dungeon, and saw 3 of its levels.

You collected 88 gold pieces.

Inventory:

Armour
 e - a +0 leather armour (worn)
Scrolls
 c - a scroll of random uselessness {unknown}
 d - a scroll of magic mapping {unknown}
 g - 2 scrolls of amnesia {unknown}
Potions
 a - a potion of cancellation {unknown}
 f - a potion of curing {unknown}
 h - a potion of invisibility {unknown}
Comestibles
 b - 7 rations


   Skills:
 + Level 3.7 Fighting
 + Level 1.1 Armour
 + Level 3.1 Dodging
 + Level 2.8 Stealth
 + Level 4.4 Unarmed Combat


You had 3 spell levels left.
You didn't know any spells.
Your spell library was empty.

Dungeon Overview and Level Annotations

Branches:
Dungeon (3/15)

Altars:


Innate Abilities, Weirdness & Mutations

Your body is rotting away.
You thrive on raw meat.
You are immune to poison.
You have sharp fingernails.
You are carnivorous and can eat meat at any time.
Your flesh is cold resistant. (rC+)
You are immune to negative energy. (rN+++)
You do not regenerate when monsters are visible.
You are immune to unholy pain and torment.
You can survive without breathing.


Message History

The gnoll shaman is moderately wounded.
The gnoll shaman barely misses you.
You claw the gnoll shaman!
The gnoll shaman is heavily wounded.
The gnoll shaman utters an invocation to its god.
The gnoll shaman is healed somewhat.
You scratch the gnoll shaman.
The gnoll shaman is moderately wounded.
The gnoll shaman hits you with a club.
* * * LOW HITPOINT WARNING * * *
You claw the gnoll shaman!
The gnoll shaman is severely wounded.
You barely miss the gnoll shaman.
The gnoll shaman is severely wounded.
The gnoll shaman mumbles some strange prayers to its god.
The gnoll shaman is healed somewhat.
You claw the gnoll shaman!
The gnoll shaman is almost dead.
The gnoll shaman hits you with a club!
You die...

#........# #####...
#........# ##..
########## ##. #.
############ ##
#..........# ######
#..........# #.....
#g.).......###.####
#.@............#
#.............#####
#..........##......
#..........########
#..........# #
#.........÷# ###
#......##########..
#......# #.....#
#......######.#####


You could see a gnoll shaman.

Vanquished Creatures
  A gnoll (D:2)
  An adder (D:3)
  2 worms (D:2)
  3 dart slugs (D:1)
  4 leopard geckos
  4 orcs
  A ball python (D:2)
  7 giant cockroaches
  6 goblins
  6 hobgoblins
  A kobold (D:2)
  4 bats
  2 frilled lizards
  8 rats
50 creatures vanquished.

Vanquished Creatures (others)
  A frilled lizard (D:1)
1 creature vanquished.

Grand Total: 51 creatures vanquished

Notes
Turn   | Place    | Note
-------+----------+-------------------------------------------
     0 | D:1      | Blejac999 the Ghoul Monk began the quest for the Orb.
     0 | D:1      | Reached XP level 1. HP: 19/19 MP: 0/0
     6 | D:1      | Noticed a wyvern
     6 | D:1      | Noticed a killer bee
     6 | D:1      | Noticed a black bear
     7 | D:1      | Noticed a lindwurm
     7 | D:1      | Noticed an anaconda
   102 | D:1      | Reached XP level 2. HP: 26/26 MP: 1/1
   665 | D:1      | Reached XP level 3. HP: 24/33 MP: 2/2
  1061 | D:2      | Reached skill level 4 in Unarmed Combat
  1388 | D:2      | Reached XP level 4. HP: 38/40 MP: 3/3
  2144 | D:3      | Reached skill level 1 in Armour
  2544 | D:2      | Slain by a gnoll shaman

Skill      XL: |  1  2  3  4 |
---------------+-------------+-----
Dodging        | 3 |  3.1
Unarmed Combat | 4 |  4.4
Armour         | 1 |  1.1
Fighting       | |  3.7
Stealth        | |  2.8

Action                   |  1- 3 |  4- 6 || total
-------------------------+-------+-------++-------
Melee: Unarmed           |   118 |    60 ||   178
       Punch             |     1 |     1 ||     2
  Use: Potion            |     2 |       ||     2
 Stab: Sleeping          |     9 |     2 ||    11
  Eat: Chunk             |     4 |     3 ||     7
Armor: Leather armour    |    19 |     7 ||    26
       Robe              |     1 |       ||     1
Dodge: Dodged            |    52 |    31 ||    83
